Map: Eternal Empire LE

Players

파이팅한국 - Winner!

  • Race: Terran Terran
  • League: Gold
  • Spawn Location: 7:00

JohnnyV

  • Race: Terran Terran
  • League: Silver
  • Spawn Location: 1:00

VOD

Have the link to the VOD?

Description

Time

  • Played on: May 7, 2020, 6:43 p.m.
  • Length: 4:48
Show
View Real Time Build Order
Export as new Build Order

파이팅한국 Terran - Winner!

Build Orders: 1/1/1, Banshee Rush 

Get SALT Encoding   

  12  0:01  SCV  
  13  0:13  SCV  
  14  0:21  Supply Depot  
  14  0:25  SCV  
  15  0:31  Refinery  
  15  0:44  Barracks  
  15  0:45  SCV  
  16  0:58  SCV  
  17  1:04  Refinery  
  17  1:10  SCV  
  18  1:22  SCV  
  19  1:31  Supply Depot  
  19  1:34  SCV  
  20  1:41  Factory, Barracks Reactor  
  20  1:46  SCV  
  21  1:58  SCV  
  22  2:10  SCV, Supply Depot  
  23  2:19  Marine x2  
  23  2:22  SCV  
  26  2:25  Factory Tech Lab  
  26  2:27  Starport  
  26  2:34  SCV  
  27  2:49  Marine  
  28  2:58  Supply Depot  
  28  3:03  Factory Tech Lab  
  28  3:11  Cloaking Field  
  28  3:13  Banshee  
  28  3:16  Marine x2  
  33  3:21  Supply Depot  
  33  3:27  Orbital Command  
  33  3:34  Marine  
  33  3:37  Siege Tank  
  37  3:43  Marine  
  38  3:51  Supply Depot  
  38  3:52  Marine  
  39  4:06  Marine  
  39  4:09  Siege Tank  
  43  4:10  Marine  
  43  4:24  Marine  
  42  4:27  Marine  
Show
View Real Time Build Order
Export as new Build Order

JohnnyV Terran 

Build Orders:  

Get SALT Encoding   

  12  0:04  SCV  
  13  0:16  SCV  
  13  0:20  Supply Depot  
  14  0:26  Refinery  
  14  0:30  SCV  
  15  0:42  SCV  
  16  0:46  Barracks  
  16  0:54  SCV  
  17  1:06  SCV  
  18  1:18  SCV  
  19  1:26  Supply Depot  
  19  1:31  SCV  
  20  1:36  Reaper  
  21  1:48  Barracks  
  21  1:59  Orbital Command  
  21  2:06  Factory  
  21  2:09  Bunker  
  21  2:13  Marine  
  22  2:30  Supply Depot x2  
  22  2:35  Barracks Reactor  
  22  3:03  Barracks Reactor  
  22  3:07  Factory Tech Lab  
  22  3:13  Marine x2  
  22  3:14  Command Center  
  24  3:29  Siege Tank  
  24  3:32  Marine x2  
  29  3:39  Marine x2  
  31  3:53  Marine x2  
  33  4:08  Marine x2  
  33  4:19  Bunker  
  33  4:20  Marine x2  
  33  4:26  Marine  
  31  4:42  Engineering Bay  
Tags
 
Matchup
TvT
Opening
1/1/1
Race
Terran
Spawn Locations
Cross Positions
Strategy
Banshee Rush
Add a new tag
Caveats
  • Supply blocks, unpowered buildings, or Contaminate may cause inaccurate times.
  • Supply counts are checked every 10 seconds.